 Dungeon Crawl Stone Soup version 0.29.0-4-gdea44cf6ec (webtiles) character file.

Game seed: 8720817158947357432

77014 qw the Severer (level 15, -5/96 HPs)
             Began as a Gargoyle Fighter on Sept 7, 2022.
             Was a High Priest of Okawaru.
             Slain by a white ugly thing (14 damage)
             ... on level 15 of the Dungeon.
             The game lasted 00:08:18 (19393 turns).

qw the Severer (Gargoyle Fighter)                  Turns: 19393, Time: 00:08:19

Health: -5/96      AC: 46    Str: 27    XL:     15   Next: 55%
Magic:  22/22      EV: 12    Int: 12    God:    Okawaru [*****.]
Gold:   881        SH: 14    Dex: 15    Spells: 14/14 levels left

rFire   . . .      SeeInvis +   Y - +7 broad axe (flame)
rCold   . . .      Faith    .   l - +0 kite shield
rNeg    + + .      Spirit   .   C - +8 chain mail of Green Tender Moments {rN+ Will+ Int+3}
rPois   inf        Reflect  .   B - +1 helmet of Marbles {-Cast rPois Dex+6}
rElec   +          Harm     .   i - +0 cloak
rCorr   .          Rampage  .   c - +1 pair of gloves
Will    ++...      NoCast   +   e - +1 pair of boots {Fly}
Stlth   ..........              t - amulet of regeneration
HPRegen 1.06/turn               w - ring of see invisible
MPRegen 0.18/turn               o - +4 ring of protection

@: about to teleport, heroic, flying
A: sickness immunity, AC +11, big wings, negative energy resistance 1,
electricity resistance, torment resistance 1, petrification resistance
a: Renounce Religion, Heroism, Finesse, Duel


You were on level 15 of the Dungeon.
You worshipped Okawaru.
Okawaru was extremely pleased with you.
You visited 3 branches of the dungeon, and saw 21 of its levels.

You collected 1420 gold pieces.
You spent 539 gold pieces at shops.


Innate Abilities, Weirdness & Mutations

You are immune to sickness and miasma.
Your stone body is resilient. (AC +11)
You are immune to poison.
Your large and strong wings let you fly.
You resist negative energy. (rN+)
You are resistant to electric shocks. (rElec)
You are resistant to unholy torment.
You are immune to petrification.


   Skills:
 - Level 12.0(17.0) Fighting
 - Level 16.0(21.0) Axes
 - Level 6.0(11.0) Throwing
 - Level 10.0(15.0) Armour
 - Level 4.0(9.0) Dodging
 + Level 12.7(17.7) Shields
 - Level 10.0 Invocations


You had 14 spell levels left.
You didn't know any spells.
Your spell library was empty.

Inventory:

Hand Weapons
 Y - a +7 broad axe of flaming (weapon)
Missiles
 g - 2 silver javelins (quivered)
 h - 24 boomerangs
 z - 2 javelins
Armour
 c - a +1 pair of gloves (worn)
 e - a +1 pair of boots of flying (worn)
 i - a +0 cloak (worn)
 l - a +0 kite shield (worn)
 B - the +1 helmet of Marbles (worn) {-Cast rPois Dex+6}
   (Okawaru gifted it to you on level 5 of the Lair of Beasts)

   Dex:       It affects your dexterity (+6).
   rPois:     It protects you from poison.
   -Cast:     It prevents spellcasting.
 C - the +8 chain mail of Green Tender Moments (worn) {rN+ Will+ Int+3}
   (You found it on level 5 of the Lair of Beasts)

   Int:       It affects your intelligence (+3).
   rN:        It protects you from negative energy.
   Will:      It increases your willpower.
Jewellery
 k - a +6 ring of dexterity
 o - a +4 ring of protection (right hand)
 t - an amulet of regeneration (around neck)
 w - a ring of see invisible (left hand)
 A - a ring of fire
Scrolls
 q - 8 scrolls of identify
 r - 2 scrolls of teleportation
 y - a scroll of blinking
Potions
 a - 5 potions of haste
 b - 2 potions of resistance
 d - 4 potions of might
 f - 2 potions of cancellation
 j - 3 potions of attraction
 m - 5 potions of mutation
 n - 7 potions of lignification
 v - a potion of heal wounds
 x - 3 potions of curing

Dungeon Overview and Level Annotations

Branches:
Dungeon (15/15)            Temple (1/1) D:4            Lair (5/5) D:10
 Shoals (0/4) Lair:2       Spider (0/4) Lair:2        Slime (0/5) Lair:4
    Orc (0/2) D:10         Vaults (0/5) D:14
 Depths: D:15

Altars:
Ashenzari
Cheibriados
Dithmenos
Elyvilon
Fedhas
Gozag
Hepliaklqana
Kikubaaqudgha
Makhleb
Nemelex Xobeh
Okawaru
Qazlal
Ru
Sif Muna
Trog
Uskayaw
Vehumet
Wu Jian
Xom
Yredelemnul
Zin
The Shining One
Jiyva
Lugonu

Shops:
D:11 **(

Portals:
Abyss: Lair:5

Annotations:
D:3 1 runed translucent door, Crazy Yiuf


Message History

The white ugly thing tail-slaps you. The white ugly thing freezes you!!
You closely miss the freezing wraith.
The freezing wraith is almost destroyed.
You closely miss the white ugly thing.
The red ugly thing basks in the mutagenic energy from its kin and changes!
The freezing wraith barely misses you.
The freezing wraith hits you but does no damage.
You slash the freezing wraith! You burn the freezing wraith.
You destroy the freezing wraith!
Okawaru accepts your kill.
You slash the white ugly thing! You burn the white ugly thing.
You barely miss the white ugly thing.
The white ugly thing is moderately wounded.
You slice the cyan ugly thing!! You burn the cyan ugly thing.
You block the white ugly thing's attack.
You block the cyan ugly thing's attack.
You carve the white ugly thing like a ham!!!
You burn the white ugly thing!
You kill the white ugly thing!
Okawaru accepts your kill.
You hit the cyan ugly thing. You burn the cyan ugly thing.
You slash the cyan ugly thing! You burn the cyan ugly thing.
The cyan ugly thing is severely wounded.
You closely miss the white ugly thing.
The cyan ugly thing headbutts you but does no damage.
You block the white ugly thing's attack.
You barely miss the cyan ugly thing.
The cyan ugly thing is heavily wounded.
You slash the white ugly thing! You burn the white ugly thing!
The cyan ugly thing headbutts you. The cyan ugly thing shocks you. You resist.
You slash the cyan ugly thing! You burn the cyan ugly thing.
The cyan ugly thing is severely wounded.
You closely miss the white ugly thing. The white ugly thing trunk-slaps you.
The white ugly thing freezes you!! You block the cyan ugly thing's attack.
19393 ||| READING 3 scrolls of teleportation.
As you read the scroll of teleportation, it crumbles to dust.
You feel strangely unstable. The white ugly thing trunk-slaps you.
The white ugly thing freezes you!
You die...

#..............)..#
#..#'######.....).##
#..#......#........#
#..'......#........#
#..#......#........#
#..########........#
#...................
####.................
#@u...............
#%u...............
#........ #........
......... .........
....#.... ..(..##..8


You could see 2 ugly things.

Vanquished Creatures
  Gastronok (Lair:1)
  Nessos (D:12)
  An ettin (shapeshifter) (Lair:5)
  9 hydras
  Erolcha (D:12)
  2 centaur warriors
  Harold (Lair:1)
  7 boulder beetles
  2 death knights
  2 dancing weapons (D:14)
  3 tengu warriors (D:14)
  A two-headed ogre (D:12)
  3 thrashing horrors (Lair:5)
  Sonja (D:12)
  A fire crab (D:14)
  4 skeletal warriors (D:13)
  A lindwurm (Lair:4)
  An orc knight (D:15)
  21 ugly things
  A wolf spider (D:14)
  5 cyclopes
  5 manticores
  3 elephants (Lair:5)
  A black mamba (Lair:2)
  A merfolk siren (Lair:2)
  2 gargoyles
  Maggie (D:7)
  An unseen horror (D:13)
  16 cane toads
  4 rime drakes
  2 efreet
  A freezing wraith (D:15)
  2 tengu conjurers (D:14)
  13 komodo dragons
  2 ancient zymes (Lair:5)
  A merfolk (Lair:2)
  2 polar bears
  A wind drake (shapeshifter) (Lair:5)
  3 meliai
  9 trolls
  A hornet (D:10)
  Prince Ribbit (Lair:1)
  2 slime creatures (D:13)
  29 blink frogs
  A centaur simulacrum (D:14)
  A culicivora (shapeshifter) (Lair:5)
  A vampire (D:10)
  2 wraiths
  2 shadows (D:11)
  2 spriggans (Lair:5)
  2 wyverns
  21 yaks
  2 steam dragons (D:8)
  6 basilisks
  A redback (Lair:2)
  A large abomination (Lair:5)
  Edmund (D:4)
  2 chaos spawn (Lair:5)
  6 vampire mosquitoes
  A warg (D:15)
  19 water moccasins
  3 acid dragons
  A swamp drake (shapeshifter) (Lair:5)
  An ice beast (D:8)
  9 orc warriors
  A sky beast (D:7)
  2 black bears
  An ogre (D:5)
  7 centaurs
  2 phantoms (D:10)
  12 small abominations (Lair:5)
  3 kobold brigands (D:9)
  16 bullfrogs
  A necrophage (D:7)
  2 gnoll sergeants
  2 scorpions
  6 wights
  3 troll zombies (D:10)
  A killer bee (D:11)
  9 howler monkeys
  An electric eel (Lair:2)
  3 hounds
  A gnoll bouda (D:7)
  9 orc priests
  13 jellies
  7 iguanas
  10 orc wizards
  5 ogre zombies (D:10)
  A mummy (D:4)
  20 gnolls
  6 adders
  A shadow imp (D:7)
  2 white imps
  2 worms
  2 dart slugs (D:3)
  33 orcs
  7 ball pythons
  7 bats
  10 endoplasms
  3 giant cockroaches
  8 goblins
  7 hobgoblins
  6 jackals
  A quokka (D:6)
  2 frilled lizards
  4 goblin zombies (D:10)
  A hobgoblin skeleton (D:10)
  A hobgoblin zombie (D:10)
  26 kobolds
  6 orc skeletons (D:10)
  13 orc zombies (D:10)
  5 rats
548 creatures vanquished.

Vanquished Creatures (others)
  3 slime creatures (D:13)
  46 fungi
  39 plants
88 creatures vanquished.

Grand Total: 636 creatures vanquished

Notes
Turn   | Place    | Note
-------+----------+-------------------------------------------
     0 | D:1      | qw the Gargoyle Fighter began the quest for the Orb.
     0 | D:1      | Reached XP level 1. HP: 14/14 MP: 1/1
     0 | D:1      | 0 ||| qw: Version: 0.1-a-108-g9e35731
     0 | D:1      | 0 ||| qw: Game counter: 6480
     0 | D:1      | 0 ||| qw: Always use a shield: true
     0 | D:1      | 0 ||| qw: God list: Okawaru
     0 | D:1      | 0 ||| qw: Allow faded altars: false
     0 | D:1      | 0 ||| qw: Do Orc after D:15 true
     0 | D:1      | 0 ||| qw: Do second Lair branch before Depths: true
     0 | D:1      | 0 ||| qw: Lair rune preference: random
     0 | D:1      | 0 ||| qw: Plans: Normal, Zot, God:TSO, Crypt, Tomb, Zig,
                  | Orb
     0 | D:1      | 0 ||| PLANNING D:1-11
    47 | D:1      | Reached skill level 2 in Axes
   413 | D:1      | Reached XP level 2. HP: 19/19 MP: 2/2
   422 | D:1      | 422 ||| Stepping ~*~*~tactically~*~*~ (stealth).
   440 | D:1      | 440 ||| Stepping ~*~*~tactically~*~*~ (stealth).
   466 | D:1      | 466 ||| Stepping ~*~*~tactically~*~*~ (stealth).
   472 | D:1      | 472 ||| Stepping ~*~*~tactically~*~*~ (stealth).
   730 | D:1      | Found a faded altar of an unknown god.
   837 | D:1      | Reached skill level 3 in Axes
   884 | D:1      | 884 ||| Stepping ~*~*~tactically~*~*~ (stealth).
   887 | D:1      | Reached XP level 3. HP: 23/23 MP: 3/3
  1199 | D:1      | 1199 ||| UPGRADING to +1 hat.
  1204 | D:1      | 1204 ||| UPGRADING to +0 chain mail.
  1214 | D:1      | 1214 ||| DROPPING +0 scale mail.
  1215 | D:1      | 1215 ||| UPGRADING to +0 kite shield.
  1225 | D:1      | 1225 ||| DROPPING +0 buckler.
  1226 | D:1      | 1226 ||| READING scroll labelled TELI UCVIEWIUL.
  1226 | D:1      | Identified a scroll of acquirement
  1226 | D:1      | 1226 ||| ACQUIRING +1 broad axe of freezing
  1226 | D:1      | Acquired a +1 broad axe of freezing
  1228 | D:1      | 1228 ||| SWAPPING to +1 broad axe of freezing.
  1229 | D:1      | 1229 ||| DROPPING +0 war axe.
  1230 | D:1      | 1230 ||| READING 2 scrolls labelled ESSECZUOLY.
  1231 | D:1      | 1231 ||| READING scroll of enchant weapon.
  1231 | D:1      | 1231 ||| ENCHANTING +2 broad axe of freezing.
  1232 | D:1      | 1232 ||| READING scroll labelled YWNOES TEICKA.
  1233 | D:1      | 1233 ||| READING scroll labelled QERACH GUINETH.
  1234 | D:1      | 1234 ||| DRINKING 2 viscous pink potions.
  1490 | D:2      | 1490 ||| Stepping ~*~*~tactically~*~*~ (stealth).
  1685 | D:2      | 1685 ||| READING scroll of enchant weapon.
  1685 | D:2      | 1685 ||| ENCHANTING +3 broad axe of freezing.
  1792 | D:2      | Reached XP level 4. HP: 28/28 MP: 4/4
  1794 | D:2      | 1794 ||| DROPPING +0 whip.
  1809 | D:2      | 1809 ||| Stepping ~*~*~tactically~*~*~ (stealth).
  2236 | D:2      | 2236 ||| READING scroll labelled MUOM CAROIGO.
  2237 | D:2      | 2237 ||| DRINKING 2 cyan potions.
  2238 | D:2      | 2238 ||| DROPPING potion of degeneration.
  2320 | D:3      | 2320 ||| Stepping ~*~*~tactically~*~*~ (stealth).
  2375 | D:3      | Found a glowing golden altar of the Shining One.
  2380 | D:3      | 2380 ||| Stepping ~*~*~tactically~*~*~ (hiding).
  2545 | D:3      | Found a runed translucent door.
  2546 | D:3      | Noticed Crazy Yiuf
  2598 | D:3      | 2598 ||| Stepping ~*~*~tactically~*~*~ (stealth).
  2603 | D:3      | 2603 ||| Stepping ~*~*~tactically~*~*~ (stealth).
  2605 | D:3      | 2605 ||| Stepping ~*~*~tactically~*~*~ (hiding).
  2608 | D:3      | 2608 ||| Stepping ~*~*~tactically~*~*~ (hiding).
  2610 | D:3      | 2610 ||| Stepping ~*~*~tactically~*~*~ (hiding).
  2616 | D:3      | Reached skill level 4 in Axes
  2616 | D:3      | Reached XP level 5. HP: 31/32 MP: 5/5
  2672 | D:3      | Found a bloodstained altar of Trog.
  2713 | D:3      | 2713 ||| Stepping ~*~*~tactically~*~*~ (hiding).
  2832 | D:3      | 2832 ||| READING scroll of enchant weapon.
  2832 | D:3      | 2832 ||| ENCHANTING +4 broad axe of freezing.
  3380 | D:3      | 3380 ||| UPGRADING to +0 pair of gloves.
  3385 | D:3      | 3385 ||| DROPPING ring of magical power.
  3404 | D:4      | 3404 ||| PLANNING OSSUARY
  3546 | D:4      | Reached XP level 6. HP: 27/37 MP: 6/6
  3755 | D:4      | Found a staircase to the Ecumenical Temple.
  3756 | D:4      | 3756 ||| PLANNING TEMPLE
  3756 | D:4      | 3756 ||| READING scroll labelled TEUNOSIL VATWO.
  3766 | Temple   | Entered the Ecumenical Temple
  3766 | Temple   | Found a transporter.
  3766 | Temple   | Found a transporter.
  3768 | Temple   | Found a transporter.
  3768 | Temple   | Found a transporter.
  3778 | Temple   | 3778 ||| PLANNING OSSUARY
  3845 | Temple   | Became a worshipper of Warmaster Okawaru
  3871 | D:4      | Noticed Edmund
  3872 | D:4      | 3872 ||| Stepping ~*~*~tactically~*~*~ (hiding).
  3884 | D:4      | Killed Edmund
  3885 | D:4      | Reached skill level 5 in Axes
  4023 | D:4      | 4023 ||| DROPPING +0 flail.
  4034 | D:4      | 4034 ||| RIP OSSUARY
  4044 | D:4      | 4044 ||| PLANNING D:1-11
  4081 | D:4      | Found a sparkling altar of Nemelex Xobeh.
  4185 | D:4      | Noticed a black bear
  4186 | D:4      | 4186 ||| Stepping ~*~*~tactically~*~*~ (stealth).
  4252 | D:4      | Killed a black bear
  4253 | D:4      | Reached XP level 7. HP: 38/43 MP: 7/7
  4497 | D:4      | Reached * piety under Okawaru
  4912 | D:4      | 4912 ||| READING scroll labelled WES MOSICE.
  4926 | D:5      | Entered Level 5 of the Dungeon
  4967 | D:5      | Reached skill level 1 in Invocations
  5052 | D:5      | 5052 ||| INVOKING Heroism.
  5180 | D:5      | 5180 ||| INVOKING Heroism.
  5193 | D:5      | 5193 ||| INVOKING Heroism.
  5202 | D:5      | Reached skill level 1 in Throwing
  5202 | D:5      | Reached skill level 3 in Invocations
  5287 | D:5      | 5287 ||| INVOKING Heroism.
  5290 | D:5      | Reached skill level 6 in Axes
  5290 | D:5      | Reached XP level 8. HP: 28/48 MP: 7/10
  5487 | D:5      | 5487 ||| Stepping ~*~*~tactically~*~*~ (stealth).
  5503 | D:5      | 5503 ||| Stepping ~*~*~tactically~*~*~ (stealth).
  5504 | D:5      | 5504 ||| Stepping ~*~*~tactically~*~*~ (stealth).
  5587 | D:5      | 5587 ||| DROPPING +1 flail of protection.
  5688 | D:5      | 5688 ||| Stepping ~*~*~tactically~*~*~ (hiding).
  5691 | D:5      | 5691 ||| INVOKING Heroism.
  5696 | D:5      | Reached skill level 6 in Shields
  5823 | D:5      | 5823 ||| READING scroll labelled SEELOU UFIJ.
  5824 | D:5      | 5824 ||| READING scroll labelled YGRUGI QUFI.
  5825 | D:5      | 5825 ||| DRINKING 2 purple potions.
  5826 | D:5      | 5826 ||| DRINKING 2 emerald potions.
  5827 | D:5      | 5827 ||| READING 3 scrolls of identify.
  5827 | D:5      | 5827 ||| IDENTIFYING bubbling golden potion
  5828 | D:5      | 5828 ||| READING 2 scrolls of identify.
  5828 | D:5      | 5828 ||| IDENTIFYING fizzy green potion
  5829 | D:5      | 5829 ||| DROPPING potion of invisibility.
  5830 | D:5      | 5830 ||| DROPPING potion of flight.
  5845 | D:6      | 5845 ||| PLANNING SEWER
  5847 | D:6      | 5847 ||| INVOKING Heroism.
  5855 | D:6      | Reached skill level 1 in Dodging
  5858 | D:6      | Reached ** piety under Okawaru
  5863 | D:6      | 5863 ||| FLEEEEING.
  5864 | D:6      | 5864 ||| FLEEEEING.
  5865 | D:6      | 5865 ||| FLEEEEING.
  5866 | D:6      | 5866 ||| FLEEEEING.
  5867 | D:6      | 5867 ||| STAIRDANCE
  6068 | D:6      | 6068 ||| DRINKING potion of curing.
  6068 | D:6      | 6068 ||| (to cure confusion)
  6128 | D:6      | 6128 ||| Stepping ~*~*~tactically~*~*~ (hiding).
  6129 | D:6      | 6129 ||| Stepping ~*~*~tactically~*~*~ (hiding).
  6130 | D:6      | 6130 ||| INVOKING Heroism.
  6131 | D:6      | 6131 ||| Stepping ~*~*~tactically~*~*~ (hiding).
  6137 | D:6      | Reached skill level 7 in Axes
  6166 | D:6      | 6166 ||| Stepping ~*~*~tactically~*~*~ (stealth).
  6177 | D:6      | 6177 ||| Stepping ~*~*~tactically~*~*~ (stealth).
  6198 | D:6      | 6198 ||| Stepping ~*~*~tactically~*~*~ (stealth).
  6293 | D:6      | Found a shimmering blue altar of Sif Muna.
  6371 | D:6      | 6371 ||| Stepping ~*~*~tactically~*~*~ (hiding).
  6372 | D:6      | 6372 ||| Stepping ~*~*~tactically~*~*~ (hiding).
  6376 | D:6      | 6376 ||| INVOKING Heroism.
  6379 | D:6      | Reached XP level 9. HP: 54/54 MP: 9/12
  6602 | D:6      | 6602 ||| RIP SEWER
  6753 | D:6      | Found a sacrificial altar of Ru.
  6754 | D:6      | 6754 ||| PLANNING D:1-11
  6771 | D:6      | 6771 ||| UPGRADING to +0 plate armour.
  6781 | D:6      | 6781 ||| DROPPING +0 chain mail of cold resistance.
  6782 | D:6      | 6782 ||| UPGRADING to +0 cloak.
  6787 | D:6      | 6787 ||| DROPPING +0 chain mail.
  6788 | D:6      | 6788 ||| UPGRADING to amulet of regeneration.
  6793 | D:6      | 6793 ||| READING scroll labelled NUCOTWITON.
  6794 | D:6      | 6794 ||| READING 4 scrolls of identify.
  6794 | D:6      | 6794 ||| IDENTIFYING puce potion
  6795 | D:6      | 6795 ||| READING 3 scrolls of identify.
  6795 | D:6      | 6795 ||| IDENTIFYING murky dark potion
  6823 | D:7      | 6823 ||| INVOKING Heroism.
  6886 | D:7      | 6886 ||| Stepping ~*~*~tactically~*~*~ (hiding).
  6887 | D:7      | 6887 ||| Stepping ~*~*~tactically~*~*~ (hiding).
  7133 | D:7      | Noticed Maggie
  7139 | D:7      | Killed Maggie
  7301 | D:7      | 7301 ||| INVOKING Heroism.
  7313 | D:7      | 7313 ||| INVOKING Heroism.
  7543 | D:7      | 7543 ||| Stepping ~*~*~tactically~*~*~ (stealth).
  7990 | D:7      | 7990 ||| DROPPING amulet of guardian spirit.
  7991 | D:7      | 7991 ||| UPGRADING to ring of see invisible.
  7992 | D:7      | 7992 ||| READING scroll labelled JALLEH AT ZUP.
  7993 | D:7      | 7993 ||| READING 3 scrolls of identify.
  7993 | D:7      | 7993 ||| IDENTIFYING bubbling coppery potion
  7994 | D:7      | 7994 ||| DROPPING potion of brilliance.
  8023 | D:8      | 8023 ||| INVOKING Heroism.
  8034 | D:8      | HP: 12/54 [steam dragon/ball of steam (13)]
  8035 | D:8      | 8035 ||| READING 2 scrolls of teleportation.
  8036 | D:8      | 8036 ||| DRINKING potion of heal wounds.
  8037 | D:8      | 8037 ||| INVOKING Heroism.
  8045 | D:8      | Reached skill level 8 in Axes
  8175 | D:8      | Reached *** piety under Okawaru
  8211 | D:8      | 8211 ||| Stepping ~*~*~tactically~*~*~ (hiding).
  8216 | D:8      | 8216 ||| INVOKING Heroism.
  8241 | D:8      | 8241 ||| INVOKING Heroism.
  8245 | D:8      | Reached skill level 6 in Fighting
  8254 | D:8      | Reached XP level 10. HP: 60/60 MP: 11/13
  8260 | D:8      | Reached skill level 9 in Axes
  8451 | D:8      | 8451 ||| INVOKING Heroism.
  8452 | D:8      | 8452 ||| Stepping ~*~*~tactically~*~*~ (cloud).
  8545 | D:8      | Found an ancient bone altar of Kikubaaqudgha.
  8555 | D:8      | 8555 ||| DROPPING amulet of faith.
  8556 | D:8      | 8556 ||| READING scroll labelled CIRIEMP ETZI.
  8569 | D:8      | 8569 ||| READING 3 scrolls of identify.
  8569 | D:8      | 8569 ||| IDENTIFYING fizzy orange potion
  8570 | D:8      | 8570 ||| DROPPING potion of ambrosia.
  8606 | D:9      | 8606 ||| Stepping ~*~*~tactically~*~*~ (stealth).
  8610 | D:9      | 8610 ||| Stepping ~*~*~tactically~*~*~ (stealth).
  8613 | D:9      | 8613 ||| INVOKING Heroism.
  8617 | D:9      | 8617 ||| Stepping ~*~*~tactically~*~*~ (stealth).
  8622 | D:9      | Reached **** piety under Okawaru
  8623 | D:9      | Reached skill level 6 in Armour
  8631 | D:9      | 8631 ||| Stepping ~*~*~tactically~*~*~ (stealth).
  8647 | D:9      | 8647 ||| Stepping ~*~*~tactically~*~*~ (stealth).
  8650 | D:9      | 8650 ||| Stepping ~*~*~tactically~*~*~ (hiding).
  8650 | D:9      | Noticed a death knight
  8651 | D:9      | 8651 ||| Stepping ~*~*~tactically~*~*~ (hiding).
  8654 | D:9      | 8654 ||| INVOKING Heroism.
  8663 | D:9      | HP: 11/61 [mirror damage (9)]
  8664 | D:9      | 8664 ||| READING 2 scrolls of teleportation.
  8665 | D:9      | 8665 ||| DRINKING potion of heal wounds.
  8667 | D:9      | Killed a death knight
  8751 | D:9      | Found a white marble altar of Elyvilon.
  8753 | D:9      | 8753 ||| INVOKING Heroism.
  8776 | D:9      | 8776 ||| Stepping ~*~*~tactically~*~*~ (stealth).
  8800 | D:9      | Found a hide-covered altar of Uskayaw.
  8801 | D:9      | 8801 ||| Stepping ~*~*~tactically~*~*~ (hiding).
  9036 | D:9      | Reached skill level 6 in Invocations
  9237 | D:9      | Found an ornate altar of the Wu Jian Council.
  9326 | D:9      | 9326 ||| READING scroll of enchant weapon.
  9326 | D:9      | 9326 ||| ENCHANTING +5 broad axe of freezing.
  9475 | D:9      | 9475 ||| INVOKING Heroism.
  9718 | D:9      | 9718 ||| READING 2 scrolls of identify.
  9718 | D:9      | 9718 ||| IDENTIFYING bubbling orange potion
  9719 | D:9      | 9719 ||| DROPPING potion of berserk rage.
  9731 | D:10     | Entered Level 10 of the Dungeon
  9736 | D:10     | 9736 ||| INVOKING Heroism.
  9742 | D:10     | Reached skill level 9 in Shields
  9743 | D:10     | Reached XP level 11. HP: 67/67 MP: 13/16
  9743 | D:10     | Reached ***** piety under Okawaru
  9753 | D:10     | 9753 ||| FLEEEEING.
  9754 | D:10     | 9754 ||| FLEEEEING.
  9755 | D:10     | 9755 ||| FLEEEEING.
  9756 | D:10     | 9756 ||| FLEEEEING.
  9757 | D:10     | 9757 ||| STAIRDANCE
  9767 | D:10     | 9767 ||| STAIRDANCE
  9773 | D:10     | 9773 ||| STAIRDANCE
  9777 | D:9      | Received a gift from Okawaru
  9787 | D:10     | 9787 ||| STAIRDANCE
  9797 | D:10     | 9797 ||| INVOKING Heroism.
  9950 | D:10     | Found a staircase to the Lair.
  9983 | D:10     | 9983 ||| Stepping ~*~*~tactically~*~*~ (stealth).
  9999 | D:10     | 9999 ||| INVOKING Heroism.
 10001 | D:10     | 10001 ||| Stepping ~*~*~tactically~*~*~ (stealth).
 10019 | D:10     | 10019 ||| Stepping ~*~*~tactically~*~*~ (hiding).
 10028 | D:10     | 10028 ||| Stepping ~*~*~tactically~*~*~ (stealth).
 10037 | D:10     | 10037 ||| Stepping ~*~*~tactically~*~*~ (stealth).
 10037 | D:10     | Found a staircase to the Orcish Mines.
 10038 | D:10     | 10038 ||| Stepping ~*~*~tactically~*~*~ (stealth).
 10041 | D:10     | 10041 ||| Stepping ~*~*~tactically~*~*~ (stealth).
 10043 | D:10     | 10043 ||| Stepping ~*~*~tactically~*~*~ (stealth).
 10045 | D:10     | 10045 ||| Stepping ~*~*~tactically~*~*~ (stealth).
 10046 | D:10     | 10046 ||| INVOKING Heroism.
 10079 | D:10     | 10079 ||| INVOKING Heroism.
 10120 | D:10     | 10120 ||| Stepping ~*~*~tactically~*~*~ (stealth).
 10161 | D:10     | 10161 ||| INVOKING Heroism.
 10167 | D:10     | Identified the +2 chain mail of the Tangerine {rCorr Int+4
                  | Dex+2} (Okawaru gifted it to you on level 10 of the
                  | Dungeon)
 10167 | D:10     | Received a gift from Okawaru
 10371 | D:10     | 10371 ||| PLANNING LAIR
 10371 | D:10     | 10371 ||| UPGRADING to +0 pair of boots.
 10376 | D:10     | 10376 ||| DROPPING +2 chain mail of the Tangerine {rCorr
                  | Int+4 Dex+2}.
 10377 | D:10     | 10377 ||| READING scroll labelled KAECON HAZUOROU.
 10378 | D:10     | 10378 ||| READING 3 scrolls of identify.
 10378 | D:10     | 10378 ||| IDENTIFYING coppery potion
 10399 | Lair:1   | Entered Level 1 of the Lair of Beasts
 10401 | Lair:1   | 10401 ||| INVOKING Heroism.
 10406 | Lair:1   | Reached skill level 10 in Axes
 10429 | Lair:1   | 10429 ||| INVOKING Heroism.
 10487 | Lair:1   | 10487 ||| INVOKING Heroism.
 10492 | Lair:1   | Noticed Prince Ribbit
 10493 | Lair:1   | 10493 ||| Stepping ~*~*~tactically~*~*~ (stealth).
 10500 | Lair:1   | Killed Prince Ribbit
 10501 | Lair:1   | Reached skill level 9 in Invocations
 10632 | Lair:1   | 10632 ||| Stepping ~*~*~tactically~*~*~ (stealth).
 10633 | Lair:1   | 10633 ||| INVOKING Heroism.
 10696 | Lair:1   | 10696 ||| INVOKING Heroism.
 10744 | Lair:1   | Reached skill level 3 in Throwing
 10791 | Lair:1   | 10791 ||| INVOKING Heroism.
 10798 | Lair:1   | Reached XP level 12. HP: 73/73 MP: 17/19
 11021 | Lair:1   | Noticed Harold
 11022 | Lair:1   | 11022 ||| INVOKING Heroism.
 11036 | Lair:1   | Killed Harold
 11182 | Lair:1   | Noticed Gastronok
 11183 | Lair:1   | 11183 ||| INVOKING Heroism.
 11195 | Lair:1   | Killed Gastronok
 11196 | Lair:1   | Reached skill level 11 in Axes
 11452 | Lair:1   | 11452 ||| READING scroll labelled MIEKYL ODI BUM.
 11470 | Lair:2   | 11470 ||| STAIRDANCE
 11487 | Lair:2   | 11487 ||| STAIRDANCE
 11501 | Lair:2   | 11501 ||| STAIRDANCE
 11503 | Lair:1   | 11503 ||| INVOKING Heroism.
 11627 | Lair:2   | 11627 ||| INVOKING Heroism.
 11636 | Lair:2   | 11636 ||| Stepping ~*~*~tactically~*~*~ (stealth).
 11664 | Lair:2   | Found a hole to the Spider Nest.
 11789 | Lair:2   | 11789 ||| INVOKING Heroism.
 11831 | Lair:2   | Found a staircase to the Shoals.
 11894 | Lair:2   | 11894 ||| INVOKING Heroism.
 12146 | Lair:2   | 12146 ||| UPGRADING to +4 ring of protection.
 12363 | Lair:3   | Noticed a five-headed hydra
 12364 | Lair:3   | 12364 ||| INVOKING Heroism.
 12365 | Lair:3   | 12365 ||| INVOKING Finesse.
 12369 | Lair:3   | 12369 ||| SWAPPING to +1 demon whip of venom.
 12372 | Lair:3   | Killed a five-headed hydra
 12373 | Lair:3   | 12373 ||| SWAPPING to +6 vorpal broad axe.
 12817 | Lair:3   | 12817 ||| READING scroll labelled LUMARIGUAN.
 12874 | Lair:4   | 12874 ||| INVOKING Heroism.
 12875 | Lair:4   | 12875 ||| Stepping ~*~*~tactically~*~*~ (stealth).
 12886 | Lair:4   | Reached skill level 9 in Fighting
 12933 | Lair:4   | 12933 ||| Stepping ~*~*~tactically~*~*~ (stealth).
 12934 | Lair:4   | 12934 ||| INVOKING Heroism.
 12948 | Lair:4   | Reached ****** piety under Okawaru
 13017 | Lair:4   | 13017 ||| Stepping ~*~*~tactically~*~*~ (hiding).
 13034 | Lair:4   | Received a gift from Okawaru
 13037 | Lair:4   | 13037 ||| INVOKING Heroism.
 13045 | Lair:4   | Reached skill level 12 in Axes
 13071 | Lair:4   | Found a viscous altar of Jiyva.
 13071 | Lair:4   | Found a staircase to the Slime Pits.
 13081 | Lair:4   | Received a gift from Okawaru
 13091 | Lair:4   | 13091 ||| INVOKING Heroism.
 13161 | Lair:4   | Reached XP level 13. HP: 80/80 MP: 20/20
 13309 | Lair:4   | 13309 ||| READING scroll of enchant weapon.
 13309 | Lair:4   | 13309 ||| ENCHANTING +6 vorpal broad axe.
 13391 | Lair:4   | 13391 ||| INVOKING Heroism.
 13396 | Lair:4   | Reached skill level 9 in Armour
 13777 | Lair:4   | 13777 ||| READING scroll labelled XYHIERPH ETZYER.
 13801 | Lair:5   | Entered Level 5 of the Lair of Beasts
 13802 | Lair:5   | 13802 ||| INVOKING Heroism.
 13804 | Lair:5   | 13804 ||| STAIRDANCE
 13845 | Lair:5   | 13845 ||| INVOKING Heroism.
 13876 | Lair:5   | 13876 ||| Stepping ~*~*~tactically~*~*~ (stealth).
 13879 | Lair:5   | 13879 ||| Stepping ~*~*~tactically~*~*~ (stealth).
 13883 | Lair:5   | 13883 ||| INVOKING Heroism.
 13884 | Lair:5   | Received a gift from Okawaru
 13952 | Lair:5   | 13952 ||| INVOKING Heroism.
 13953 | Lair:5   | 13953 ||| INVOKING Finesse.
 13955 | Lair:5   | 13955 ||| SWAPPING to +1 demon whip of venom.
 13962 | Lair:5   | 13962 ||| SWAPPING to +7 vorpal broad axe.
 14044 | Lair:5   | 14044 ||| INVOKING Heroism.
 14045 | Lair:5   | 14045 ||| INVOKING Finesse.
 14047 | Lair:5   | Received a gift from Okawaru
 14049 | Lair:5   | 14049 ||| SWAPPING to +1 demon whip of venom.
 14054 | Lair:5   | 14054 ||| Stepping ~*~*~tactically~*~*~ (outnumbered).
 14055 | Lair:5   | 14055 ||| Stepping ~*~*~tactically~*~*~ (outnumbered).
 14056 | Lair:5   | 14056 ||| Stepping ~*~*~tactically~*~*~ (outnumbered).
 14057 | Lair:5   | 14057 ||| Stepping ~*~*~tactically~*~*~ (outnumbered).
 14058 | Lair:5   | 14058 ||| Stepping ~*~*~tactically~*~*~ (outnumbered).
 14059 | Lair:5   | 14059 ||| Stepping ~*~*~tactically~*~*~ (outnumbered).
 14060 | Lair:5   | 14060 ||| Stepping ~*~*~tactically~*~*~ (outnumbered).
 14064 | Lair:5   | 14064 ||| Stepping ~*~*~tactically~*~*~ (outnumbered).
 14065 | Lair:5   | 14065 ||| Stepping ~*~*~tactically~*~*~ (outnumbered).
 14066 | Lair:5   | 14066 ||| Stepping ~*~*~tactically~*~*~ (outnumbered).
 14067 | Lair:5   | 14067 ||| Stepping ~*~*~tactically~*~*~ (outnumbered).
 14069 | Lair:5   | 14069 ||| Stepping ~*~*~tactically~*~*~ (outnumbered).
 14070 | Lair:5   | 14070 ||| SWAPPING to +7 vorpal broad axe.
 14264 | Lair:5   | Found a frozen archway.
 14449 | Lair:5   | Identified the +1 robe "Caukket" {Fly MP+9 Str+3 Int+2}
 14556 | Lair:5   | 14556 ||| INVOKING Heroism.
 14566 | Lair:5   | Reached skill level 13 in Axes
 14572 | Lair:5   | 14572 ||| Stepping ~*~*~tactically~*~*~ (stealth).
 14573 | Lair:5   | 14573 ||| Stepping ~*~*~tactically~*~*~ (stealth).
 14634 | Lair:5   | 14634 ||| INVOKING Heroism.
 14677 | Lair:5   | 14677 ||| INVOKING Heroism.
 14720 | Lair:5   | 14720 ||| Stepping ~*~*~tactically~*~*~ (stealth).
 14753 | Lair:5   | Identified the +1 helmet of Marbles {-Cast rPois Dex+6}
                  | (Okawaru gifted it to you on level 5 of the Lair of Beasts)
 14753 | Lair:5   | Received a gift from Okawaru
 14754 | Lair:5   | 14754 ||| FLEEEEING.
 14777 | Lair:5   | 14777 ||| INVOKING Heroism.
 14784 | Lair:5   | 14784 ||| Stepping ~*~*~tactically~*~*~ (stealth).
 14813 | Lair:5   | 14813 ||| Stepping ~*~*~tactically~*~*~ (stealth).
 14818 | Lair:5   | 14818 ||| INVOKING Heroism.
 14858 | Lair:5   | 14858 ||| Stepping ~*~*~tactically~*~*~ (stealth).
 14879 | Lair:5   | 14879 ||| Stepping ~*~*~tactically~*~*~ (stealth).
 14884 | Lair:5   | Noticed an ettin
 14884 | Lair:5   | an alligator changed into an ettin
 14887 | Lair:5   | 14887 ||| INVOKING Heroism.
 14891 | Lair:5   | Killed an ettin
 14906 | Lair:5   | Gained mutation: Your large and strong wings let you fly.
                  | [Gargoyle growth]
 14906 | Lair:5   | Reached XP level 14. HP: 56/88 MP: 21/21
 14914 | Lair:5   | Reached skill level 14 in Axes
 14971 | Lair:5   | 14971 ||| Stepping ~*~*~tactically~*~*~ (stealth).
 14985 | Lair:5   | Identified the +8 chain mail of Green Tender Moments {rN+
                  | Will+ Int+3}
 14989 | Lair:5   | Found a corrupted altar of Lugonu.
 14989 | Lair:5   | Found a one-way gate to the infinite horrors of the Abyss.
 15150 | Lair:5   | 15150 ||| PLANNING D:1-11
 15150 | Lair:5   | 15150 ||| UPGRADING to +1 helmet of Marbles {-Cast rPois
                  | Dex+6}.
 15160 | Lair:5   | 15160 ||| DROPPING +1 hat.
 15161 | Lair:5   | 15161 ||| UPGRADING to +8 chain mail of Green Tender
                  | Moments {rN+ Will+ Int+3}.
 15171 | Lair:5   | 15171 ||| DROPPING +0 plate armour.
 15172 | Lair:5   | 15172 ||| READING 2 scrolls labelled WASUGG PURATU.
 15173 | Lair:5   | 15173 ||| DROPPING scroll of vulnerability.
 15308 | D:11     | Identified the +0 robe "Decw" {rCorr}
 15322 | D:11     | 15322 ||| READING scroll of enchant armour.
 15322 | D:11     | 15322 ||| ENCHANTING +0 pair of gloves.
 15438 | D:11     | 15438 ||| INVOKING Heroism.
 15439 | D:11     | 15439 ||| INVOKING Finesse.
 15450 | D:11     | Reached skill level 3 in Dodging
 15500 | D:11     | 15500 ||| Stepping ~*~*~tactically~*~*~ (stealth).
 15507 | D:11     | 15507 ||| INVOKING Heroism.
 15508 | D:11     | 15508 ||| SWAPPING to +1 demon whip of venom.
 15511 | D:11     | 15511 ||| INVOKING Finesse.
 15515 | D:11     | 15515 ||| SWAPPING to +7 vorpal broad axe.
 15551 | D:11     | 15551 ||| Stepping ~*~*~tactically~*~*~ (stealth).
 15552 | D:11     | 15552 ||| Stepping ~*~*~tactically~*~*~ (stealth).
 15651 | D:11     | 15651 ||| INVOKING Heroism.
 15677 | D:11     | Found Vogecs's Antique Weapon Emporium.
 15716 | D:11     | Found Cuinec's General Store.
 15777 | D:11     | 15777 ||| Stepping ~*~*~tactically~*~*~ (stealth).
 15801 | D:11     | Found Jexuem's Assorted Antiques.
 15809 | D:11     | 15809 ||| BUYING pair of glowing boots (202 gold).
 15809 | D:11     | Bought a pair of glowing boots for 202 gold pieces
 15809 | D:11     | 15809 ||| BUYING potion of curing (81 gold).
 15809 | D:11     | Bought a potion of curing for 81 gold pieces
 15809 | D:11     | 15809 ||| BUYING scroll of brand weapon (256 gold).
 15809 | D:11     | Bought a scroll of brand weapon for 256 gold pieces
 15809 | D:11     | 15809 ||| READING scroll of brand weapon.
 15809 | D:11     | 15809 ||| BRANDING +7 vorpal broad axe.
 16097 | D:11     | 16097 ||| PLANNING D
 16097 | D:11     | 16097 ||| UPGRADING to +1 pair of boots of flying.
 16107 | D:11     | 16107 ||| DROPPING +0 pair of boots.
 16134 | D:12     | 16134 ||| INVOKING Heroism.
 16135 | D:12     | 16135 ||| SWAPPING to +1 demon whip of venom.
 16136 | D:12     | 16136 ||| INVOKING Finesse.
 16138 | D:12     | 16138 ||| STAIRDANCE
 16148 | D:11     | 16148 ||| SWAPPING to +7 broad axe of venom.
 16183 | D:12     | 16183 ||| SWAPPING to +1 demon whip of venom.
 16184 | D:12     | 16184 ||| INVOKING Finesse.
 16189 | D:12     | 16189 ||| SWAPPING to +7 broad axe of venom.
 16231 | D:12     | 16231 ||| INVOKING Heroism.
 16242 | D:12     | Noticed Sonja
 16243 | D:12     | 16243 ||| Stepping ~*~*~tactically~*~*~ (stealth).
 16250 | D:12     | 16250 ||| Stepping ~*~*~tactically~*~*~ (stealth).
 16252 | D:12     | 16252 ||| INVOKING Finesse.
 16255 | D:12     | Killed Sonja
 16309 | D:12     | 16309 ||| Stepping ~*~*~tactically~*~*~ (hiding).
 16315 | D:12     | 16315 ||| INVOKING Heroism.
 16428 | D:12     | 16428 ||| Stepping ~*~*~tactically~*~*~ (stealth).
 16429 | D:12     | 16429 ||| INVOKING Heroism.
 16430 | D:12     | 16430 ||| Stepping ~*~*~tactically~*~*~ (stealth).
 16431 | D:12     | 16431 ||| SWAPPING to +1 demon whip of venom.
 16432 | D:12     | 16432 ||| INVOKING Finesse.
 16442 | D:12     | 16442 ||| SWAPPING to +7 broad axe of venom.
 16572 | D:12     | Identified the +1 ring mail of the Constellations {Str+4}
 16685 | D:12     | Noticed Erolcha
 16686 | D:12     | 16686 ||| Stepping ~*~*~tactically~*~*~ (hiding).
 16690 | D:12     | 16690 ||| INVOKING Heroism.
 16691 | D:12     | 16691 ||| INVOKING Finesse.
 16696 | D:12     | Killed Erolcha
 16697 | D:12     | Reached skill level 12 in Shields
 16769 | D:12     | Noticed Nessos
 16770 | D:12     | 16770 ||| INVOKING Finesse.
 16781 | D:12     | 16781 ||| INVOKING Heroism.
 16791 | D:12     | Killed Nessos
 16817 | D:12     | 16817 ||| READING scroll of brand weapon.
 16817 | D:12     | 16817 ||| BRANDING +7 broad axe of venom.
 16818 | D:12     | 16818 ||| DROPPING +1 demon whip of venom.
 16984 | D:13     | 16984 ||| Stepping ~*~*~tactically~*~*~ (hiding).
 16994 | D:13     | 16994 ||| Stepping ~*~*~tactically~*~*~ (hiding).
 16999 | D:13     | 16999 ||| INVOKING Heroism.
 17051 | D:13     | 17051 ||| INVOKING Heroism.
 17054 | D:13     | 17054 ||| Stepping ~*~*~tactically~*~*~ (stealth).
 17073 | D:13     | 17073 ||| Stepping ~*~*~tactically~*~*~ (stealth).
 17074 | D:13     | 17074 ||| Stepping ~*~*~tactically~*~*~ (stealth).
 17079 | D:13     | 17079 ||| Stepping ~*~*~tactically~*~*~ (stealth).
 17080 | D:13     | 17080 ||| Stepping ~*~*~tactically~*~*~ (stealth).
 17330 | D:13     | 17330 ||| Stepping ~*~*~tactically~*~*~ (stealth).
 17331 | D:13     | 17331 ||| Stepping ~*~*~tactically~*~*~ (stealth).
 17358 | D:13     | 17358 ||| Stepping ~*~*~tactically~*~*~ (stealth).
 17360 | D:13     | 17360 ||| Stepping ~*~*~tactically~*~*~ (stealth).
 17364 | D:13     | 17364 ||| Stepping ~*~*~tactically~*~*~ (stealth).
 17373 | D:13     | 17373 ||| INVOKING Heroism.
 17375 | D:13     | 17375 ||| READING 4 scrolls of teleportation.
 17393 | D:13     | 17393 ||| Stepping ~*~*~tactically~*~*~ (stealth).
 17410 | D:13     | 17410 ||| INVOKING Heroism.
 17415 | D:13     | Received a gift from Okawaru
 17421 | D:13     | 17421 ||| FLEEEEING.
 17428 | D:13     | 17428 ||| Stepping ~*~*~tactically~*~*~ (stealth).
 17647 | D:13     | Reached skill level 15 in Axes
 17872 | D:14     | 17872 ||| INVOKING Heroism.
 17942 | D:14     | 17942 ||| FLEEEEING.
 17943 | D:14     | 17943 ||| FLEEEEING.
 17944 | D:14     | 17944 ||| FLEEEEING.
 17945 | D:14     | 17945 ||| FLEEEEING.
 17946 | D:14     | 17946 ||| FLEEEEING.
 17952 | D:14     | Received a gift from Okawaru
 17974 | D:14     | 17974 ||| INVOKING Heroism.
 18117 | D:14     | 18117 ||| INVOKING Heroism.
 18119 | D:14     | 18119 ||| INVOKING Finesse.
 18136 | D:14     | Identified the +1 ring mail of Cufimyed {rF- rC++ SInv}
                  | (Okawaru gifted it to you on level 14 of the Dungeon)
 18136 | D:14     | Received a gift from Okawaru
 18147 | D:14     | Reached XP level 15. HP: 84/95 MP: 16/22
 18152 | D:14     | Reached skill level 6 in Throwing
 18165 | D:14     | 18165 ||| Stepping ~*~*~tactically~*~*~ (stealth).
 18173 | D:14     | Reached skill level 12 in Fighting
 18209 | D:14     | 18209 ||| READING 3 scrolls of teleportation.
 18274 | D:14     | 18274 ||| Stepping ~*~*~tactically~*~*~ (stealth).
 18394 | D:14     | 18394 ||| Stepping ~*~*~tactically~*~*~ (hiding).
 18395 | D:14     | 18395 ||| Stepping ~*~*~tactically~*~*~ (hiding).
 18743 | D:14     | 18743 ||| INVOKING Heroism.
 18824 | D:14     | Found a gate to the Vaults.
 19030 | D:15     | Entered Level 15 of the Dungeon
 19031 | D:15     | 19031 ||| INVOKING Heroism.
 19032 | D:15     | 19032 ||| STAIRDANCE
 19073 | D:15     | 19073 ||| INVOKING Heroism.
 19120 | D:15     | 19120 ||| Stepping ~*~*~tactically~*~*~ (hiding).
 19126 | D:15     | 19126 ||| INVOKING Heroism.
 19137 | D:15     | Reached skill level 16 in Axes
 19198 | D:15     | 19198 ||| Stepping ~*~*~tactically~*~*~ (hiding).
 19201 | D:15     | 19201 ||| Stepping ~*~*~tactically~*~*~ (stealth).
 19203 | D:15     | 19203 ||| INVOKING Heroism.
 19239 | D:15     | 19239 ||| Stepping ~*~*~tactically~*~*~ (stealth).
 19256 | D:15     | 19256 ||| Stepping ~*~*~tactically~*~*~ (stealth).
 19258 | D:15     | 19258 ||| INVOKING Heroism.
 19274 | D:15     | Received a gift from Okawaru
 19371 | D:15     | 19371 ||| INVOKING Heroism.
 19392 | D:15     | HP: 10/96 [white ugly thing (29)]
 19393 | D:15     | 19393 ||| READING 3 scrolls of teleportation.
 19393 | D:15     | Slain by a white ugly thing

Levels and vault maps discovered:
D:1:      scummos_arrival_star, layout_basic,
          shapermc_ecumenical_altar_totnotflames
D:2:      layout_basic
D:3:      layout_basic, trog_book, mainiacjoe_overflow_chevrons,
          uniq_crazy_yiuf_cottage
D:4:      layout_layer_cave, kennysheep_mini_moat,
          minmay_temple_entry_gardened_gates, gup_ossuary_entry_pyramid,
          minivault_25, minmay_misc_feat_enclosed, serial_bayou_crossing,
          uniq_edmund
D:5:      layout_rooms, serial_corexii_hall, corexii_hall_statues_u,
          corexii_hall_statues_i, corexii_hall_statues_s,
          corexii_hall_statues_l, corexii_hall_statues_i,
          corexii_hall_statues_i, columned_hall_lemuel
D:6:      layout_cave_pools, mainiacjoe_overflow_paths, kennysheep_little_box,
          gup_sewer_entry_bowl, kennysheep_minor_cross
D:7:      layout_basic, hex_intersection, uniq_maggie
D:8:      layout_rooms, mainiacjoe_overflow_alcove_4
D:9:      layout_basic, nicolae_wu_jian_immortal_techniques,
          mainiacjoe_overflow_large_starburst, serial_rivers,
          chequers_serial_rivers_micro_e, chequers_serial_rivers_small_b,
          chequers_serial_rivers_micro_d, chequers_serial_rivers_micro_a,
          chequers_serial_rivers_micro_e, kennysheep_generic_room_4
D:10:     layout_big_octagon, due_lair_maze_entry_diamond, zombieorc2_lemuel
D:11:     layout_irregular_city, serial_shops, shop, nicolae_shop_trees, shop,
          minmay_joined_circles
D:12:     layout_roguey, minmay_fractal_squares_gapless_5, uniq_erolcha,
          uniq_sonja, uniq_nessos
D:13:     layout_loops_ring
D:14:     minmay_the_grid_triangle_9x9_recursive_2_mashed
          [minmay_the_grid_triangle_9x9_prize_top_heavy,
          minmay_the_grid_triangle_9x9_zippers_vertical,
          minmay_the_grid_triangle_9x9_shrine,
          minmay_the_grid_triangle_9x9_wacky_v], layout_small_grid,
          erik_vaults_1, minmay_misc_feat_plants, st_stairs_13
D:15:     grunt_enter_depths_hoard, layout_irregular_city, old_standard_altar,
          grunt_gozag_statues
Temple:   hellmonk_temple_divided_pantheon
Lair:1:   layout_regular_city, chequers_serial_rivers_large_b,
          lemuel_fruit_tree, lemuel_fruit_fields, uniq_gastronok, uniq_harold,
          uniq_prince_ribbit2
Lair:2:   layout_misc_corridors, elwin_shoals_entry_rooms, spider_nest_entry_a
Lair:3:   layout_long_grid, wad_woods_road_05
Lair:4:   layout_regular_city, minmay_slime_entry_jelly_boxes
Lair:5:   hellmonk_lair_end_abyssal_woods, layout_regular_city,
          portal_ice_cave_rime, grunt_megastairs_5, infiniplex_staircase_pool,
          serial_bayou_shore_a

Skill      XL: |  1  2  3  4  5  6  7  8  9 10 11 12 13 14 15 |
---------------+----------------------------------------------+-----
Axes           | 2 3 4 5 6 7 8 9 10 12 13 15 16 | 16.0
Shields        | 4 5 6 8 9 10 11 12 | 12.7
Fighting       | 4 5 6 7 8 9 10 11 12 | 12.0
Invocations    | 3 4 6 10 | 10.0
Throwing       | 1 2 3 4 5 6 |  6.0
Dodging        | 1 2 4 |  4.0
Armour         | 5 6 7 8 10 | 10.0

Action                   |  1- 3 |  4- 6 |  7- 9 | 10-12 | 13-15 || total
-------------------------+-------+-------+-------+-------+-------++-------
Melee: War axe           |    75 |       |       |       |       ||    75
       Broad axe         |    38 |   105 |   211 |   392 |   638 ||  1384
       Demon whip        |       |       |       |     1 |    36 ||    37
Throw: Boomerang         |       |       |    25 |    44 |    60 ||   129
       Javelin           |       |       |    12 |    95 |   106 ||   213
Invok: Heroism           |       |       |    15 |    28 |    35 ||    78
       Finesse           |       |       |       |     1 |    11 ||    12
  Use: Scroll            |     6 |     3 |    11 |     9 |     9 ||    38
       Potion            |     1 |     1 |     4 |     1 |       ||     7
 Stab: Invisible         |       |       |     2 |       |       ||     2
       Distracted        |       |       |       |     1 |     1 ||     2
Armor: Scale mail        |    31 |       |       |       |       ||    31
       Chain mail        |    23 |    74 |    55 |       |   263 ||   415
       Plate armour      |       |       |    63 |   167 |   144 ||   374
Dodge: Dodged            |    44 |    21 |    56 |    66 |   213 ||   400
Block: Buckler           |    13 |       |       |       |       ||    13
       Kite shield       |    14 |    40 |   117 |   200 |   381 ||   752

Table legend:
 A = Non-vault XP
 B = Vault XP
 C = Vault XP percentage of total XP
 D = Non-vault monster count
 E = Vault monster count
 F = Vault count percentage of total count
                 A         B        C        D         E       F
            +---------+---------+-------+---------+---------+-------
      Total |   73080 |   36941 |  33.6 |     401 |     148 |  27.0
            +---------+---------+-------+---------+---------+-------
        D:1 |      46 |       0 |   0.0 |      27 |       0 |   0.0
        D:2 |      83 |       0 |   0.0 |      20 |       0 |   0.0
        D:3 |     108 |       0 |   0.0 |      19 |       0 |   0.0
        D:4 |     320 |     194 |  37.7 |      16 |       2 |  11.1
        D:5 |     764 |       0 |   0.0 |      23 |       0 |   0.0
        D:6 |     901 |       5 |   0.6 |      22 |       3 |  12.0
        D:7 |     642 |     409 |  38.9 |      19 |       1 |   5.0
        D:8 |    2108 |       0 |   0.0 |      22 |       0 |   0.0
        D:9 |    2974 |     277 |   8.5 |      35 |       3 |   7.9
       D:10 |    1930 |    1799 |  48.2 |      13 |      43 |  76.8
       D:11 |    2795 |    2497 |  47.2 |      12 |       7 |  36.8
       D:12 |    4837 |    3291 |  40.5 |       7 |       5 |  41.7
       D:13 |   10070 |       0 |   0.0 |      36 |       0 |   0.0
       D:14 |   13710 |    9057 |  39.8 |      25 |      14 |  35.9
       D:15 |    7218 |       0 |   0.0 |      20 |       0 |   0.0
     Lair:1 |    6241 |    3676 |  37.1 |      23 |       7 |  23.3
     Lair:2 |    2593 |     943 |  26.7 |      12 |       3 |  20.0
     Lair:3 |    1464 |       0 |   0.0 |       5 |       0 |   0.0
     Lair:4 |    5250 |     817 |  13.5 |      20 |      13 |  39.4
     Lair:5 |    9026 |   13976 |  60.8 |      25 |      47 |  65.3
            +---------+---------+-------+---------+---------+-------
